 Dungeon Crawl Stone Soup version 0.31.0-12-g77e489cdc1 (webtiles) character file.

Game seed: 4057127763423931642

310 RancidPinata the Sneak (level 6, -3/40 HPs)
             Began as a Gargoyle Delver on Feb 23, 2024.
             Killed by divine providence
             ... invoked by an orc priest
              (17 damage)
             ... on level 4 of the Dungeon.
             The game lasted 00:12:53 (4256 turns).

RancidPinata the Sneak (Gargoyle Delver)            Turns: 4256, Time: 00:12:54

Health: -3/40      AC: 12    Str: 17    XL:     6   Next: 41%
Magic:  6/6        EV: 11    Int: 11    God:
Gold:   193        SH:  0    Dex: 11    Spells: 5/5 levels left

rFire   . . .        a - +0 mace
rCold   + . .        (no shield)
rNeg    + . .        i - +2 ring mail {rC+}
rPois   ∞            (no helmet)
rElec   +            (no cloak)
rCorr   .            (no gloves)
SInv    +            (no boots)
Will    +....        (no amulet)
Stlth   ++           h - ring of willpower
HPRegen 0.26/turn    v - ring of see invisible
MPRegen 0.10/turn

%: no passive effects
@: no status effects
A: sickness immunity, AC +4, negative energy resistance 1, electricity
resistance, torment resistance 1, petrification resistance
a: no special abilities


You were on level 4 of the Dungeon.
You visited 1 branch of the dungeon, and saw 6 of its levels.

You collected 193 gold pieces.

Inventory:

Hand Weapons
 a - a +0 mace (weapon)
Missiles
 o - 7 poisoned darts (quivered)
 q - 6 javelins
 r - 31 stones
Armour
 i - a +2 ring mail of cold resistance (worn)
Jewellery
 h - a ring of willpower (left hand)
 v - a ring of see invisible (right hand)
Talismans
 w - a flux talisman
Wands
 e - a wand of quicksilver (9)
 g - a wand of digging (3)
Scrolls
 c - a scroll of fog
 d - 2 scrolls of revelation
 j - 4 scrolls of teleportation {unknown}
 k - a scroll of noise {unknown}
 l - 3 scrolls of identify {unknown}
 s - a scroll of fear
 u - a scroll of enchant armour {unknown}
 x - a scroll of vulnerability {unknown}
 y - a scroll of poison {unknown}
Potions
 b - a potion of cancellation {unknown}
 f - a potion of haste
 m - a potion of enlightenment {unknown}
 n - 2 potions of heal wounds {unknown}
 p - 2 potions of ambrosia {unknown}
 t - 2 potions of curing {unknown}
 z - a potion of degeneration {unknown}


   Skills:
 * Level 4.8 Fighting
 + Level 3.0 Maces & Flails
 * Level 3.5 Armour
 + Level 2.5 Dodging
 + Level 6.1 Stealth


You had 5 spell levels left.
You didn't know any spells.
Your spell library was empty.

Dungeon Overview and Level Annotations

Branches:
Dungeon (6/15)
 Temple: D:4-7

Altars:
Ashenzari
Kikubaaqudgha
Okawaru

Annotations:
D:5 Ijyb, Sigmund


Innate Abilities, Weirdness & Mutations

You are immune to sickness and miasma.
Your stone body is resilient. (AC +4)
You are immune to poison.
You resist negative energy. (rN+)
You are resistant to electric shocks. (rElec)
You are resistant to unholy torment.
You are immune to petrification.


Message History

The adder barely misses you. The adder bites you.
You hit the adder.
You kill the adder!
You start waiting.
Done waiting.
There is a stone staircase leading down here.
You climb downwards.
Level annotation: Ijyb, Sigmund The orc barely misses you.
The orc closely misses you.
There is a stone staircase leading up here.
The orc hits you but does no damage. The orc priest completely misses you.
You climb upwards.
There is a stone staircase leading down here.
The orc attacks as it pursues you! The orc barely misses you.
The orc priest attacks as it pursues you!
The orc priest hits you but does no damage.
The orc attacks as it pursues you! The orc closely misses you.
The orc priest mumbles some strange prayers to Beogh against you.
Beogh smites you!
You hit the orc but do no damage. The orc hits you but does no damage.
You closely miss the orc. The orc barely misses you.
The orc hits you but does no damage.
You thump the orc!
You kill the orc!
You hit the orc priest.
The orc priest is lightly wounded.
The orc priest hits you but does no damage.
You hit the orc priest.
The orc priest is heavily wounded.
The orc priest misses you.
The orc priest calls down the wrath of Beogh upon you.
Beogh smites you!
You completely miss the orc priest.
The orc priest is heavily wounded.
The orc priest hits you but does no damage.
You hit the orc priest.
The orc priest is almost dead.
The orc priest mumbles some strange prayers to Beogh against you.
Beogh smites you!
You die...

###################
###..........>.o@...#
..............#####.#
.>..#####.###.# #.#
..#.# #.# #.# #W#
..#.# #.# #.# ##.#
....# #.# #.# #..#
..#.# #.# #.# #.##
....# #.# #.# #.#
...## #.# #.# #.#


You could see an orc priest.

Vanquished Creatures
  A phantom (D:4)
  A scorpion (D:4)
  Robin (D:3)
  5 adders
  2 ribbon worms
  2 dart slugs (D:2)
  3 orcs
  6 ball pythons
  4 endoplasms
  7 giant cockroaches
  20 goblins
  9 hobgoblins
  12 jackals
  8 quokkas
  3 bats (D:2)
  6 frilled lizards
  7 kobolds
  6 rats
103 creatures vanquished.

Notes
Turn   | Place    | Note
-------+----------+-------------------------------------------
     0 | D:5      | RancidPinata the Gargoyle Delver began the quest for the
                  | Orb.
     0 | D:5      | Reached XP level 1. HP: 14/14 MP: 1/1
    20 | D:6      | Noticed a hound
    69 | D:5      | Noticed an orc priest
    74 | D:5      | Noticed Sigmund
    79 | D:5      | Noticed a scorpion
   274 | D:3      | Reached XP level 2. HP: 19/19 MP: 2/2
   412 | D:3      | Reached skill level 1 in Armour
   485 | D:3      | Reached XP level 3. HP: 10/24 MP: 3/3
   772 | D:3      | Found an ancient bone altar of Kikubaaqudgha.
   772 | D:3      | Found a broken altar of Ashenzari.
   772 | D:3      | Found an iron altar of Okawaru.
  1098 | D:4      | Noticed Robin
  1259 | D:3      | HP: 1/24 [hobgoblin[Robin] (6)]
  1486 | D:2      | Reached XP level 4. HP: 28/29 MP: 4/4
  2506 | D:1      | Reached XP level 5. HP: 31/33 MP: 5/5
  3213 | D:3      | Killed Robin
  3479 | D:4      | Noticed a phantom
  3561 | D:5      | Noticed Ijyb
  3591 | D:4      | Killed a phantom
  3592 | D:4      | Reached skill level 6 in Stealth
  3592 | D:4      | Reached XP level 6. HP: 30/39 MP: 6/6
  4256 | D:4      | Killed from afar by an orc priest

Illustrated notes

Levels and vault maps discovered:
D:1:      psy_arrival_statuary, layout_basic,
          wander_ebering_terrifying_dragon_lair
D:2:      layout_loops_corners
D:3:      layout_rooms, gammafunk_temple_overflow_claw
D:4:      layout_loops_ring, uniq_robin
D:5:      layout_cave_pools, uniq_sigmund, uniq_ijyb
D:6:      layout_basic

Skill      XL: |  1  2  3  4  5  6 |
---------------+-------------------+-----
Armour         | 1 2 3 |  3.5
Dodging        | 2 |  2.5
Fighting       | 4 |  4.8
Stealth        | 6 |  6.1
Maces & Flails | 3 |  3.0

Action                     |  1- 3 |  4- 6 || total
---------------------------+-------+-------++-------
  Melee: Mace              |   160 |   245 ||   405
         Punch             |       |     2 ||     2
    Use: Scroll            |     2 |       ||     2
   Stab: Sleeping          |     8 |     5 ||    13
 Armour: Ring mail         |   159 |   205 ||   364
         Leather armour    |     5 |       ||     5
  Dodge: Dodged            |   131 |   183 ||   314
